 Dungeon Crawl Stone Soup version 0.30-a0-475-g03497ec522 (webtiles) character file.

Game seed: 16207430956710720851

584 cforsyth the Caller (level 7, -1/46 HPs)
             Began as a Merfolk Summoner on Dec 20, 2022.
             Succumbed to a water moccasin's poison
             ... on level 4 of the Dungeon.
             The game lasted 00:17:17 (5834 turns).

cforsyth the Caller (Merfolk Summoner)              Turns: 5834, Time: 00:17:18

Health: -1/46      AC:  5    Str:  8    XL:     7   Next: 37%
Magic:  11/14      EV: 12    Int: 22    God:
Gold:   1021       SH:  0    Dex: 14    Spells: 3/16 levels left

rFire   . . .      SeeInvis .    (no weapon)
rCold   . . .      Faith    .    (no shield)
rNeg    . . .      Spirit   .    j - +1 leather armour of Hohej {Fly Int+5}
rPois   .          Reflect  .    n - +0 helmet
rElec   .          Harm     .    (no cloak)
rCorr   .          Rampage  .    (no gloves)
Will    .....                    (no boots)
Stlth   ++........               (no amulet)
HPRegen 0.27/turn                (no ring)
MPRegen 0.14/turn                (no ring)

@: lethally poisoned (-1 -> -19), flying
A: (nimble swimmer 2), mertail
a: no special abilities


You were on level 4 of the Dungeon.
You visited 1 branch of the dungeon, and saw 5 of its levels.

You collected 1021 gold pieces.

Inventory:

Armour
 a - a +0 robe
 j - the +1 leather armour of Hohej (worn) {Fly Int+5}
   (You found it on level 2 of the Dungeon)

   Int:       It affects your intelligence (+5).
   Fly:       It grants you flight.
 n - a +0 helmet (worn)
Jewellery
 o - a ring of fire
Wands
 q - a wand of digging (3)
Scrolls
 c - 3 scrolls of fog
 h - a scroll of immolation
 i - a scroll of silence {unknown}
 k - a scroll of teleportation
 m - a scroll of noise {unknown}
Potions
 b - 2 potions of magic
 d - a potion of attraction {unknown}
 e - a potion of flight
 f - 3 potions of brilliance
 g - a potion of ambrosia
 l - a potion of curing


   Skills:
 - Level 3.0 Dodging
 - Level 2.4 Stealth
 + Level 5.1 Spellcasting
 + Level 0.2 Hexes
 + Level 6.6 Summonings
 + Level 0.2 Air Magic


You had 3 spell levels left.
You knew the following spells:

 Your Spells              Type           Power      Damage    Failure   Level
a - Summon Small Mammal   Summ           100%       N/A       1%          1
b - Call Imp              Summ           35%        N/A       1%          2
c - Call Canine Familiar  Summ           35%        N/A       2%          3
d - Summon Guardian Gole  Hex/Summ       20%        N/A       11%         3
e - Summon Lightning Spi  Summ/Air       20%        N/A       34%         4

Your spell library contained the following spells:

 Spells                   Type           Power      Damage    Failure   Level
 Sandblast                Erth           10%        2d5       14%         1
 Cigotuvi's Dreadful Rot  Necr/Pois/Air  10%        N/A       22%         2
 Passwall                 Tmut/Erth      4%         N/A       22%         2
 Poisonous Vapours        Pois/Air       12%        N/A       22%         2
 Mephitic Cloud           Conj/Pois/Air  5%         N/A       38%         3
 Gell's Gravitas          Tloc           5%         N/A       41%         3
 Stone Arrow              Conj/Erth      10%        3d7       41%         3
 Teleport Other           Tloc           5%         N/A       41%         3
 Dispersal                Tloc           2%         N/A       100%        6


Dungeon Overview and Level Annotations

Branches:
Dungeon (5/15)
 Temple: D:4-7

Altars:
Xom

Annotations:
D:3 Grinder


Innate Abilities, Weirdness & Mutations

((You are very nimble when in or above water. (Stealth+, EV+, Speed+++)))
Your lower body shifts to a powerful aquatic tail in water.


Message History

Your hound is burned by acid!
The jelly hits your hound.
Your hound is splashed with acid.
The acid corrodes your hound!
Your hound bites the jelly.
Your hound is burned by acid!
Your hound bites the jelly.
The jelly dies!
You start resting.
Your hound disappears in a puff of smoke!
Magic restored.
You start resting.
HP restored.
You start waiting.
Done waiting.
There is a stone staircase leading down here.
You fly downwards.
The water moccasin bites you but does no damage.
The water moccasin barely misses you. The ogre closely misses you.
There is a stone staircase leading up here.
The water moccasin bites you!
The water moccasin bites you but does no damage.
The ogre hits you with a +0 giant club!
You fly upwards.
There is a stone staircase leading down here.
Unknown command.
Casting: Call Canine Familiar (dangerous; 2% risk of failure)
Confirm with . or Enter, or press ? or * to list all spells.
A guardian golem appears, shielding your allies.
The water moccasin bites you.
You are poisoned.
The water moccasin poisons you!
You feel very sick. The water moccasin bites you.
You are lethally poisoned!
The water moccasin poisons you! The water moccasin bites you!
* * * LOW HITPOINT WARNING * * *
* * * LOW HITPOINT WARNING * * *
You feel very sick.
The ogre hits your guardian golem with a +0 giant club.
Unknown command.
You die...

#.#..##......#########'####<....
##.#..##.#..###########.# #.....
...#..........#....##...# ######
.......####...#....##.### #..
.....#.# #...#....##.# #.#
######.####...#....##.# #.#
#........#....##.# #.#
######...#....'..# #.#
#...9.@..#### #.# #..OS....# #.#
#)######## #.. #.# ### #.#
###########.# ............#
#############


You could see a water moccasin (ally target), an ogre and a friendly guardian
golem (summoned).

Vanquished Creatures
  An orc (D:4)
  A jackal (D:3)
  A quokka (D:1)
  A bat (D:3)
  A rat (D:3)
5 creatures vanquished.

Vanquished Creatures (collateral kills)
  A necrophage (D:4)
  A jelly (D:4)
  An orc wizard (D:3)
  Robin (D:3)
  2 adders (D:3)
  3 worms
  A dart slug (D:2)
  8 orcs
  5 ball pythons
  4 bats
  7 endoplasms
  12 goblins
  7 hobgoblins
  3 jackals (D:3)
  4 kobolds
  4 quokkas
  3 frilled lizards
  5 rats
72 creatures vanquished.

Vanquished Creatures (others)
  Sigmund (D:4)
  Pargi (D:3)
  An ogre (D:4)
  An adder (D:4)
  An orc (D:4)
5 creatures vanquished.

Grand Total: 82 creatures vanquished

Notes
Turn   | Place    | Note
-------+----------+-------------------------------------------
     0 | D:1      | cforsyth the Merfolk Summoner began the quest for the Orb.
     0 | D:1      | Reached XP level 1. HP: 13/13 MP: 3/3
   445 | D:1      | Reached XP level 2. HP: 19/19 MP: 1/5
   705 | D:1      | Learned a level 2 spell: Call Imp
  1404 | D:2      | Reached XP level 3. HP: 23/24 MP: 3/6
  1411 | D:2      | Learned a level 3 spell: Summon Guardian Golem
  1439 | D:2      | Found a shimmering altar of Xom.
  1598 | D:2      | Identified the +1 leather armour of Hohej {Fly Int+5}
  2675 | D:3      | Reached XP level 4. HP: 30/30 MP: 4/8
  2679 | D:3      | Learned a level 3 spell: Call Canine Familiar
  2973 | D:3      | Reached skill level 5 in Summonings
  3163 | D:3      | Noticed Robin
  3172 | D:3      | Killed Robin
  3173 | D:3      | Reached XP level 5. HP: 35/35 MP: 5/10
  3178 | D:3      | Noticed Pargi
  3711 | D:3      | Noticed Grinder
  3955 | D:3      | Killed Pargi
  3978 | D:2      | Reached XP level 6. HP: 31/41 MP: 1/12
  4716 | D:4      | Noticed Sigmund
  4802 | D:4      | Reached skill level 6 in Summonings
  5140 | D:4      | Killed Sigmund
  5141 | D:4      | Reached skill level 5 in Spellcasting
  5141 | D:4      | Reached XP level 7. HP: 46/46 MP: 12/14
  5274 | D:4      | Learned a level 4 spell: Summon Lightning Spire
  5372 | D:4      | Identified a scroll of acquirement
  5373 | D:4      | Acquired 849 gold pieces
  5676 | D:5      | Entered Level 5 of the Dungeon
  5834 | D:4      | Succumbed to a water moccasin's poison

Illustrated notes

Levels and vault maps discovered:
D:1:      dpeg_arrival_simpleton_a, layout_basic, minmay_misc_feat_doors
D:2:      layout_basic, basic_altar
D:3:      layout_loops_ring, uniq_grinder, uniq_pargi, uniq_robin
D:4:      layout_basic, serial_glass, glass_columns_a, glass_columns_b,
          glass_columns_b, glass_columns_a, glass_columns_c, glass_columns_b,
          minmay_strange_pillars, uniq_sigmund
D:5:      layout_rooms, amcnicky_altar_gilded, nemelex_diamond_rough_becter,
          mainiacjoe_overflow_catwalk_spiral, minmay_temple_entry_waves,
          chequers_serial_rivers_marsh, corexii_shack, uniq_duvessa

Skill      XL: |  1  2  3  4  5  6 |
---------------+-------------------+-----
Dodging        | 3 |  3.0
Spellcasting   | 3 4 5 |  5.1
Summonings     | 5 6 |  6.6
Stealth        | |  2.4
Hexes          | |  0.2
Air Magic      | |  0.2

Action                   |  1- 3 |  4- 6 |  7- 9 || total
-------------------------+-------+-------+-------++-------
Melee: Unarmed           |    50 |    12 |     1 ||    63
 Cast: Summon Small Mamm |    74 |    14 |       ||    88
       Call Imp          |     7 |     3 |       ||    10
       Call Canine Famil |       |    20 |     3 ||    23
       Summon Guardian G |       |     4 |     1 ||     5
  Use: Scroll            |       |     7 |     2 ||     9
 Stab: Distracted        |     1 |     1 |     1 ||     3
       Sleeping          |     1 |       |       ||     1
Armor: Robe              |    28 |       |       ||    28
       Leather armour    |     9 |     8 |     3 ||    20
Dodge: Dodged            |    89 |    22 |     6 ||   117

Table legend: (Time is in decaauts)
 A = Elapsed time spent in this place.
 B = Non-inter-level travel time spent in this place.
 C = Inter-level travel time spent in this place.
 D = Time resting spent in this place.
 E = Time spent auto-exploring this place.
 F = Levels seen in this place.
 G = Mean time per level.
                   A        B        C        D        E       F      G
               +--------+--------+--------+--------+--------+-----+--------+
         Total |   5838 |   5668 |    170 |   1559 |   2641 |   5 | 1167.6 |
       Dungeon |   5838 |   5668 |    170 |   1559 |   2641 |   5 | 1167.6 |
               +--------+--------+--------+--------+--------+-----+--------+

Top non-repeatable levels by time:
     D:2: 1839 daAuts
     D:4: 1437 daAuts
     D:3: 1362 daAuts
     D:1: 1194 daAuts
     D:5: 5 daAuts
